 Dungeon Crawl Stone Soup version 0.31-a0-217-g58bb5d79cf (webtiles) character file.

Game seed: 12030644938593872187

154 qw the Shooter (level 5, -7/30 HPs)
             Began as a Gargoyle Hexslinger on July 2, 2023.
             Killed by divine providence
             ... invoked by an orc priest
              (14 damage)
             ... on level 4 of the Dungeon.
             The game lasted 00:00:43 (1539 turns).

qw the Shooter (Gargoyle Hexslinger)                Turns: 1539, Time: 00:00:44

Health: -7/30      AC:  9    Str: 11    XL:     5   Next: 36%
Magic:  6/6        EV: 10    Int: 14    God:
Gold:   125        SH:  0    Dex: 14    Spells: 5/6 levels left

rFire   . . .        Y - +1 sling
rCold   . . .        (no shield)
rNeg    + . .        d - +0 ring mail
rPois   inf          (no helmet)
rElec   +            (no cloak)
rCorr   .            (no gloves)
SInv    .            (no boots)
Will    .....        (no amulet)
Stlth   +            (no ring)
HPRegen 0.25/turn    (no ring)
MPRegen 0.10/turn

%: no passive effects
@: no status effects
A: sickness immunity, AC +4, negative energy resistance 1, electricity
resistance, torment resistance 1, petrification resistance
a: no special abilities


You were on level 4 of the Dungeon.
You visited 1 branch of the dungeon, and saw 3 of its levels.

You collected 125 gold pieces.


Innate Abilities, Weirdness & Mutations

You are immune to sickness and miasma.
Your stone body is resilient. (AC +4)
You are immune to poison.
You resist negative energy. (rN+)
You are resistant to electric shocks. (rElec)
You are resistant to unholy torment.
You are immune to petrification.


   Skills:
 + Level 2.0 Fighting
 - Level 5.0 Ranged Weapons
 - Level 1.0 Armour
 - Level 1.5 Dodging
 - Level 1.0 Spellcasting
 - Level 2.6 Hexes


You had 5 spell levels left.
You knew the following spells:

 Your Spells              Type           Power      Damage    Failure   Level
a - Slow                  Hex            32%        N/A       21%         1

Your spell library contained the following spells:

 Spells                   Type           Power      Damage    Failure   Level
 Inner Flame              Hex/Fire       4%         N/A       71%         3
 Portal Projectile        Hex/Tloc       8%         N/A       71%         3
 Cause Fear               Hex            4%         N/A       90%         4

Inventory:

Hand Weapons
 Y - a +1 sling (weapon)
Armour
 c - a +1 pair of gloves
 d - a +0 ring mail (worn)
 h - a scarf of shadows
 k - a +0 pair of boots
Scrolls
 a - 2 scrolls of identify
 e - a scroll of enchant weapon {unknown}
 i - a scroll of blinking {unknown}
Potions
 b - 2 potions of attraction {unknown}
 f - a potion of enlightenment {unknown}
 g - a potion of heal wounds {unknown}
 j - 2 potions of haste {unknown}

Dungeon Overview and Level Annotations

Branches:
Dungeon (4/15)
 Temple: D:4-7

Altars:
Hepliaklqana

Shops:
D:1 (


Message History

The orc priest is lightly wounded.
You shoot a sling bullet.
The sling bullet hits the orc priest but does no damage.
The orc priest is lightly wounded.
The orc priest closely misses you.
You shoot a sling bullet.
The sling bullet closely misses the orc priest.
The orc priest completely misses you. The orc hits you but does no damage. x2
The orc priest casts a cantrip, but nothing happens.
You shoot a sling bullet.
The sling bullet barely misses the ball python.
The orc priest hits you but does no damage.
The orc hits you but does no damage. The ball python barely misses you. x2
You shoot a sling bullet. The sling bullet hits the ball python.
You kill the ball python!
The orc priest hits you with a +0 war axe!
The orc closely misses you.
You shoot a sling bullet.
The sling bullet hits the orc priest but does no damage.
The orc priest is lightly wounded.
The orc priest barely misses you. The orc hits you with a +0 club.
The orc hits you but does no damage.
The orc priest miscasts a cantrip.
You shoot a sling bullet.
The sling bullet hits the orc priest but does no damage.
The orc priest is lightly wounded.
The orc barely misses you. The orc priest closely misses you.
The orc hits you but does no damage.
You shoot a sling bullet.
The sling bullet hits the orc priest but does no damage.
The orc priest is lightly wounded.
The orc misses you.
The orc priest hits you with a +0 war axe.
The orc hits you but does no damage.
You shoot a sling bullet.
The sling bullet barely misses the orc priest.
The orc hits you but does no damage.
The orc priest invokes the aid of Beogh against you.
Beogh smites you!
You die...

....# #........ .....
.........
.....##........
...............
...............
##.............
#.......ooo......
#.#......@# #.........#
###....._...#
#...........####+#
####................#
#..............######
##....................(
+.............#........
#......#.....#........


You could see an orc priest and 2 orcs.

Vanquished Creatures
  A scorpion (D:2)
  A hound (D:4)
  An adder (D:2)
  A worm (D:2)
  3 dart slugs
  5 endoplasms
  A giant cockroach (D:2)
  5 goblins (D:1)
  4 hobgoblins
  6 jackals (D:1)
  6 kobolds
  4 ball pythons
  3 bats
  3 frilled lizards
  4 rats
48 creatures vanquished.

Notes
Turn   | Place    | Note
-------+----------+-------------------------------------------
     0 | D:1      | qw the Gargoyle Hexslinger began the quest for the Orb.
     0 | D:1      | Reached XP level 1. HP: 12/12 MP: 2/2
     0 | D:1      | 0 ||| qw: Version: 0.3-a-40-ge99b1a8
     0 | D:1      | 0 ||| qw: Game counter: 8028
     0 | D:1      | 0 ||| qw: Melee chars always use a shield: true
     0 | D:1      | 0 ||| qw: God list: Okawaru
     0 | D:1      | 0 ||| qw: Allow faded altars: false
     0 | D:1      | 0 ||| qw: Do Orc after clearing Dungeon:15 true
     0 | D:1      | 0 ||| qw: Do second Lair branch before Depths: true
     0 | D:1      | 0 ||| qw: Lair rune preference: random
     0 | D:1      | 0 ||| qw: Goals: Normal
     0 | D:1      | 0 ||| PLANNING D:1-11
    78 | D:1      | Reached XP level 2. HP: 12/16 MP: 3/3
   175 | D:1      | Reached skill level 3 in Ranged Weapons
   293 | D:1      | 293 ||| FLEEEEING.
   331 | D:1      | Reached XP level 3. HP: 21/21 MP: 4/4
   389 | D:1      | Found Nomocir's Weapon Boutique.
   558 | D:1      | 558 ||| FLEEEEING.
   559 | D:1      | 559 ||| FLEEEEING.
   560 | D:1      | 560 ||| FLEEEEING.
   561 | D:1      | 561 ||| FLEEEEING.
   563 | D:1      | 563 ||| FLEEEEING.
   565 | D:1      | 565 ||| FLEEEEING.
   566 | D:1      | 566 ||| FLEEEEING.
   568 | D:1      | 568 ||| FLEEEEING.
   569 | D:1      | 569 ||| FLEEEEING.
   764 | D:1      | 764 ||| UPGRADING to +0 ring mail.
   774 | D:1      | 774 ||| DROPPING +0 robe.
   775 | D:1      | 775 ||| READING scroll labelled CAMOCI ISICIWN.
   776 | D:1      | 776 ||| READING scroll labelled DIFOIX JAETT.
   779 | D:1      | 779 ||| READING scroll labelled SAIDYJ WICATOR.
   780 | D:1      | 780 ||| DROPPING scroll of poison.
   985 | D:2      | Noticed a scorpion
  1000 | D:2      | Killed a scorpion
  1001 | D:2      | Reached skill level 4 in Ranged Weapons
  1001 | D:2      | Reached XP level 4. HP: 18/26 MP: 5/5
  1254 | D:2      | Reached skill level 1 in Armour
  1254 | D:2      | Reached XP level 5. HP: 27/30 MP: 6/6
  1472 | D:2      | You fall into a shaft and drop 2 floors!
  1496 | D:4      | Reached skill level 5 in Ranged Weapons
  1516 | D:4      | Found a hazy altar of Hepliaklqana.
  1538 | D:4      | HP: 7/30 [orc priest/+0 war axe (5)]
  1539 | D:4      | Killed from afar by an orc priest

Levels and vault maps discovered:
D:1:      lemuel_arrival_tunnels, layout_loops_ring, serial_shops,
          nicolae_shop_bloodbath_and_beyond, st_stairs_1
D:2:      layout_basic
D:4:      layout_basic, overflow_temple_1_default, kennysheep_vampire_church,
          minmay_temple_entry_proselytizer

Skill      XL: |  1  2  3  4  5 |
---------------+----------------+-----
Ranged Weapons | 3 4 5 |  5.0
Fighting       | 2 |  2.0
Armour         | 1 |  1.0
Dodging        | |  1.5
Spellcasting   | |  1.0
Hexes          | |  2.6

Action                     |  1- 3 |  4- 6 || total
---------------------------+-------+-------++-------
   Fire: Sling             |   139 |    42 ||   181
    Use: Scroll            |     3 |       ||     3
 Armour: Robe              |    25 |       ||    25
         Ring mail         |    13 |    18 ||    31
  Dodge: Dodged            |    43 |    22 ||    65

Table legend:
 A = Non-vault XP
 B = Vault XP
 C = Vault XP percentage of total XP
 D = Non-vault monster count
 E = Vault monster count
 F = Vault count percentage of total count
                 A         B        C        D         E       F
            +---------+---------+-------+---------+---------+-------
      Total |     215 |       6 |   2.7 |      46 |       2 |   4.2
            +---------+---------+-------+---------+---------+-------
        D:1 |      50 |       6 |  10.7 |      29 |       2 |   6.5
        D:2 |     121 |       0 |   0.0 |      15 |       0 |   0.0
        D:4 |      44 |       0 |   0.0 |       2 |       0 |   0.0
            +---------+---------+-------+---------+---------+-------
